 Dungeon Crawl Stone Soup version 0.27.0-1-g7a089689b8 (webtiles) character file.

Game seed: 1795623747080611068

111349 dolemite99 the Severer (level 16, -4/152 HPs)
             Began as a Deep Dwarf Gladiator on Aug 2, 2021.
             Was a High Priest of Makhleb.
             Slain by a white ugly thing (23 damage)
             ... on level 14 of the Dungeon.
             The game lasted 01:00:30 (30849 turns).

dolemite99 the Severer (Deep Dwarf Gladiator)      Turns: 30849, Time: 01:00:31

Health: -4/152     AC: 21    Str: 22    XL:     16   Next: 9%
Magic:  12/12      EV:  9    Int: 12    God:    Makhleb [*****.]
Gold:   228        SH:  8    Dex: 23    Spells: 15/15 levels left

rFire    + . .     SeeInvis .   a - +4 broad axe (venom)
rCold    . . .     Faith    .   U - +2 buckler {rN+}
rNeg     + + +     Spirit   .   J - +2 plate armour {rF+}
rPois    .         Reflect  .   N - +2 helmet
rElec    .         Harm     .   (no cloak)
rCorr    .         Rampage  .   (no gloves)
Will     ++...                  (no boots)
Stlth    ..........             (no amulet)
HPRegen  0.00/turn              v - +6 ring of dexterity
MPRegen  0.13/turn              z - ring "Aconierch" {rN+ Dex+3 Slay+4 Stlth+}

@: no status effects
A: damage resistance, heal wounds, negative energy resistance 1, sense
surroundings 2, no regeneration
a: Heal Wounds, Renounce Religion, Minor Destruction, Lesser Servant of Makhleb,
Major Destruction, Greater Servant of Makhleb


You were on level 14 of the Dungeon.
You worshipped Makhleb.
Makhleb was extremely pleased with you.
You visited 4 branches of the dungeon, and saw 23 of its levels.
You visited the Abyss 1 time.
You also visited: Ossuary.

You collected 2878 gold pieces.
You spent 2650 gold pieces at shops.

Inventory:

Hand Weapons
 a - a +4 broad axe of venom (weapon)
 b - the +12 hunting sling of Outrage {vorpal, MP+9 Dex+4}
   (You bought it in a shop on level 1 of the Dungeon)

   Any ammunition fired from it inflicts extra damage upon your enemies.
   Dex:       It affects your dexterity (+4).
   MP:        It affects your magic capacity (+9).
Missiles
 d - 6 throwing nets (quivered)
 f - 335 stones
 l - 34 boomerangs
 w - 151 bolts
 y - 52 poisoned darts
 C - 7 sling bullets
 Q - 3 atropa-tipped darts
Armour
 m - a +2 chain mail of willpower
 J - a +2 plate armour of fire resistance (worn)
 N - a +2 helmet (worn)
 U - a +2 buckler of positive energy (worn)
Magical Staves
 x - a staff of poison
Jewellery
 h - the ring "Gimuebig" {Wiz rElec}
   (You found it on level 4 of the Dungeon)

   [ring of wizardry]

   It improves your spell success rate.
   rElec:     It insulates you from electricity.
 k - a ring of ice
 o - a ring of flight
 v - a +6 ring of dexterity (left hand)
 z - the ring "Aconierch" (right hand) {rN+ Dex+3 Slay+4 Stlth+}
   (You acquired it on level 4 of the Lair of Beasts)

   [ring of slaying]

   Dex:       It affects your dexterity (+3).
   Slay:      It affects your accuracy & damage with ranged weapons and melee
   (+4).
   rN:        It protects you from negative energy.
   Stlth:     It makes you more stealthy.
 K - a ring of fire
 P - a ring of fire
Wands
 q - a wand of polymorph (9)
 D - a wand of mindburst (39)
 E - a wand of digging (4)
 O - a wand of iceblast (24)
 S - a wand of paralysis (2)
 T - a wand of charming (31)
Scrolls
 c - 5 scrolls of identify {@r1}
 e - 5 scrolls of magic mapping
 g - a scroll of blinking
 n - 10 scrolls of amnesia
 r - 3 scrolls of fog
 H - 4 scrolls of vulnerability
 I - 2 scrolls of enchant armour
 L - 5 scrolls of teleportation
 W - 3 scrolls of fear
Potions
 p - a potion of heal wounds
 s - 5 potions of lignification
 t - 2 potions of cancellation
 u - 5 potions of brilliance
 A - 4 potions of attraction
 B - 5 potions of flight
 F - 6 potions of curing
 G - 3 potions of magic
 M - 5 potions of haste
 Y - 5 potions of might
Miscellaneous
 i - a phantom mirror (inert)
 j - a phial of floods (inert)


   Skills:
 + Level 11.8 Fighting
 - Level 16.0 Axes
 - Level 12.1(12.2) Slings
 - Level 1.7(6.8) Throwing
 + Level 13.0 Armour
 - Level 3.2 Dodging
 - Level 4.0 Shields
 - Level 13.5 Invocations
 + Level 12.1 Evocations


You had 15 spell levels left.
You didn't know any spells.
Your spell library contained the following spells:

 Spells                   Type           Power      Damage    Failure   Level
 Beastly Appendage        Tmut           0%         N/A       98%         1
 Corona                   Hex            0%         N/A       98%         1
 Foxfire                  Conj/Fire      0%         2x1d4     98%         1
 Shock                    Conj/Air       0%         1d3       98%         1
 Summon Small Mammal      Summ           0%         N/A       98%         1
 Ensorcelled Hibernation  Hex/Ice        0%         N/A       99%         2
 Static Discharge         Conj/Air       0%         N/A       99%         2
 Wereblood                Tmut           0%         N/A       99%         2
 Call Canine Familiar     Summ           0%         N/A       100%        3
 Conjure Flame            Conj/Fire      0%         6-21      100%        3
 Dazzling Flash           Conj/Hex       0%         N/A       100%        3
 Gell's Gravitas          Tloc           0%         N/A       100%        3
 Inner Flame              Hex/Fire       0%         N/A       100%        3
 Lesser Beckoning         Tloc           0%         N/A       100%        3
 Spider Form              Tmut/Pois      0%         N/A       100%        3
 Summon Guardian Golem    Hex/Summ       0%         N/A       100%        3
 Swiftness                Air            0%         N/A       100%        3
 Teleport Other           Tloc           0%         N/A       100%        3
 Tukima's Dance           Hex            0%         N/A       100%        3
 Airstrike                Air            0%         N/A       100%        4
 Animate Dead             Necr           0%         N/A       100%        4
 Dispel Undead            Necr           0%         3d6       100%        4
 Passage of Golubria      Tloc           N/A        N/A       100%        4
 Sticky Flame             Conj/Fire      0%         2d3       100%        4
 Summon Lightning Spire   Summ/Air       0%         N/A       100%        4
 Agony                    Necr           0%         N/A       100%        5
 Borgnjor's Vile Clutch   Necr/Erth      0%         N/A       100%        5
 Iskenderun's Battlesphe  Conj           0%         2d6       100%        5
 Lightning Bolt           Conj/Air       0%         1d11      100%        5
 Silence                  Hex/Air        0%         N/A       100%        5
 Summon Forest            Summ/Tloc      0%         N/A       100%        5
 Yara's Violent Unravell  Hex/Tmut       0%         3d3       100%        5
 Death Channel            Necr           0%         N/A       100%        6
 Eringya's Noxious Bog    Tmut/Pois      0%         N/A       100%        6
 Iron Shot                Conj/Erth      0%         9d1       100%        6
 Spellforged Servitor     Conj/Summ      0%         N/A       100%        7
 Summon Hydra             Summ           0%         N/A       100%        7


Dungeon Overview and Level Annotations

Branches:
Dungeon (14/15)            Temple (1/1) D:5            Lair (6/6) D:9
 Shoals (0/4) Lair:2        Snake (0/4) Lair:2        Slime (0/5) Lair:5
    Orc (2/2) D:9             Elf (0/3) Orc:2        Vaults (0/5) D:13
Ossuary (visited)

Altars:
Ashenzari
Cheibriados
Dithmenos
Elyvilon
Fedhas
Gozag
Hepliaklqana
Kikubaaqudgha
Makhleb
Nemelex Xobeh
Okawaru
Qazlal
Ru
Sif Muna
Trog
Uskayaw
Vehumet
Wu Jian
Xom
Yredelemnul
Zin
The Shining One
Beogh

Shops:
D:1 (   D:3 *=*[   D:4 (   D:8 *   D:9 (   D:10 [   D:13 ?:?(   Orc:1 *
Orc:2 ([(?

Annotations:
D:9 1 transporter
D:14 1 runed translucent door


Innate Abilities, Weirdness & Mutations

You are resistant to damage.
You can heal yourself by infusing magical energy.
You resist negative energy. (rN+)
You passively map the area around you.
You do not regenerate.


Message History

The deep elf pyromancer looks as sick as possible!
The deep elf pyromancer is moderately wounded.
You slash the boulder beetle!
You block the deep elf pyromancer's attack.
Your magical essence is drained by the effort!
You feel much better.
The boulder beetle burns!
The boulder beetle bites you!!
The deep elf pyromancer hits you but does no damage.
You hit the boulder beetle but do no damage.
The boulder beetle is almost dead.
You slash the deep elf pyromancer!
The deep elf pyromancer looks as sick as possible!
The boulder beetle burns!
The boulder beetle dies!
You kill the deep elf pyromancer!
Makhleb accepts your kill.
You feel better.
The fire elemental disappears in a puff of smoke! x2
Your plate armour prevents you from hitting the white ugly thing.
The white ugly thing kicks you. The white ugly thing freezes you!!
* * * LOW HITPOINT WARNING * * *
You see here 2 stones.
You slice the white ugly thing!!
The white ugly thing is moderately wounded.
You slash the white ugly thing!
The white ugly thing is poisoned.
The white ugly thing is heavily wounded.
The white ugly thing kicks you but does no damage.
You slash the white ugly thing!
The white ugly thing looks as sick as possible!
The white ugly thing is severely wounded.
The white ugly thing kicks you!
* * * LOW HITPOINT WARNING * * *
The white ugly thing freezes you!!
* * * LOW HITPOINT WARNING * * *
You slash the white ugly thing!
The white ugly thing looks as sick as possible!
The white ugly thing is severely wounded.
The white ugly thing kicks you but does no damage.
You closely miss the white ugly thing.
The white ugly thing is severely wounded.
The white ugly thing kicks you. The white ugly thing freezes you!!
You die...

#######............#)c##.. #..##
.....##.#..##......# B:# ,##.^.#
#####.#.#...##..(B.###C# *#..#.#
.....##.##..#..e.#(..# B.##..#.#
.#####...#....((.#...## .#...#.#
...##.....#..)).....$.. ##...#.#
.##)...#....(☼#.....#...#....#.#
#.((..###.....###(###..##.#.##.#
#....## ##....)u@......#....##.#
########################.#.###.#
.........................#.# #.#
###########(##############.# #.#
(# * ########.# #.# ..,,,,
.........# #.## *###*
*#######.## #..# #[# ##.# #.#
#..#


You could see a white ugly thing (extremely poisoned).

Vanquished Creatures
  A bone dragon (Abyss:3)
  Rupert (D:14)
  A tentacled starspawn (Abyss:3)
  A cacodemon (Abyss:3)
  An ironbound preserver (D:13)
  A very ugly thing (Abyss:3)
  A deep elf demonologist (Abyss:3)
  An ettin (D:9)
  2 fire dragons
  5 hydras
  Erica (D:8)
  9 centaur warriors
  A death knight (D:13)
  A catoblepas (D:13)
  5 two-headed ogres
  A tengu warrior (D:14)
  11 death yaks
  An orc high priest (Orc:2)
  A wretched star (Abyss:3)
  A flayed ghost (D:14)
  A glowing orange brain (Abyss:3)
  A wizard (D:14)
  3 lindwurms
  13 ugly things
  A mana viper (Abyss:3)
  An orc knight (Orc:2)
  7 deep elf pyromancers
  5 orc sorcerers (Orc:2)
  9 cyclopes
  5 elephants (Lair:6)
  Joseph (D:8)
  Maurice (D:8)
  4 manticores
  10 black mambas
  3 centaur zombies
  An ice statue (D:11)
  3 molten gargoyles (Lair:6)
  16 cane toads
  A gargoyle (D:7)
  An apocalypse crab (Abyss:3)
  6 rime drakes
  A rime drake (shapeshifter) (D:13)
  9 komodo dragons
  2 unseen horrors
  A freezing wraith (D:14)
  4 kobold demonologists
  3 efreet
  2 tengu conjurers
  2 ancient zymes (Abyss:3)
  4 trolls
  A hornet (shapeshifter) (D:14)
  15 blink frogs
  Grinder (D:4)
  6 raiju (Abyss:3)
  9 slime creatures
  7 dream sheep (Lair:2)
  A meliai zombie (D:10)
  36 yaks
  3 water elementals (D:14)
  2 large abominations (Abyss:3)
  3 vampires
  12 wyverns
  A yak (shapeshifter) (D:14)
  Grum (D:11)
  A wraith (Abyss:3)
  A hog (shapeshifter) (D:9)
  4 steam dragons
  10 basilisks
  7 vampire mosquitoes
  A neqoxec (Abyss:3)
  3 wargs (Orc:1)
  5 hell hounds (Lair:6)
  25 water moccasins
  2 acid dragons
  8 nagas (Lair:2)
  30 orc warriors
  2 sky beasts
  A sky beast (shapeshifter) (D:14)
  2 black bears
  A black bear (shapeshifter) (D:14)
  8 centaurs
  2 ice beasts
  7 necrophages
  7 ogres
  A boggart (D:14)
  15 wolves
  A phantom (D:5)
  4 bullfrogs
  7 kobold brigands
  A gnoll sergeant (D:9)
  3 scorpions
  A water moccasin zombie (D:6)
  A water moccasin skeleton (D:5)
  A killer bee (D:9)
  9 wights
  4 howler monkeys
  3 electric eels
  5 lava snakes (Lair:6)
  2 starcursed masses
  A gnoll shaman (D:6)
  5 jellies
  28 orc priests
  4 hounds
  2 bullfrog skeletons
  A centaur skeleton (D:3)
  2 iguanas
  An iron imp (Abyss:3)
  34 orc wizards
  3 small abominations (Abyss:3)
  A killer bee zombie (D:8)
  A mummy (Ossuary)
  Robin (D:4)
  10 gnolls
  4 adders
  An ufetubus (D:5)
  2 dart slugs (D:2)
  66 orcs
  4 bats
  12 endoplasms
  4 giant cockroaches
  18 goblins
  6 hobgoblins
  16 jackals
  7 quokkas
  4 ball pythons
  6 frilled lizards
  33 kobolds
  4 rats
732 creatures vanquished.

Vanquished Creatures (collateral kills)
  A very ugly thing (Abyss:3)
  Fannar (Lair:3)
  A two-headed ogre (D:13)
  A tengu warrior (D:13)
  3 death yaks
  A kobold demonologist (D:13)
  3 blink frogs (Lair:3)
  A raiju (Abyss:3)
  An acid dragon (D:13)
  A warg (Orc:1)
  An orc warrior (D:6)
  A centaur (D:13)
  3 starcursed masses (Abyss:3)
  An orc priest (D:6)
  2 orc wizards (Orc:1)
  4 orcs
26 creatures vanquished.

Vanquished Creatures (others)
  A boulder beetle (D:14)
  A water elemental (D:14)
  2 kobolds (D:7)
  20 fungi
  25 plants
  2 starspawn tentacles (Abyss:3)
51 creatures vanquished.

Grand Total: 809 creatures vanquished

Notes
Turn   | Place    | Note
-------+----------+-------------------------------------------
     0 | D:1      | dolemite99 the Deep Dwarf Gladiator began the quest for the
                  | Orb.
     0 | D:1      | Reached XP level 1. HP: 19/19 MP: 1/1
    29 | D:1      | Found Ecrainud's Antique Weapon Emporium.
   153 | D:1      | Reached XP level 2. HP: 24/26 MP: 2/2
   155 | D:1      | Reached skill level 4 in Axes
   346 | D:1      | Found a faded altar of an unknown god.
   675 | D:1      | Reached XP level 3. HP: 15/29 MP: 3/3
  1234 | D:2      | Reached skill level 5 in Axes
  1512 | D:2      | Reached XP level 4. HP: 13/38 MP: 4/4
  1815 | D:3      | Found Lemotsal's Assorted Antiques.
  1897 | D:3      | Reached skill level 6 in Axes
  1944 | D:3      | Found Ateic's Armour Shoppe.
  1996 | D:3      | Reached XP level 5. HP: 40/45 MP: 4/4
  2062 | D:3      | Noticed an ogre
  2075 | D:3      | Killed an ogre
  2076 | D:3      | Reached skill level 7 in Axes
  2076 | D:3      | Reached XP level 6. HP: 52/52 MP: 4/4
  2090 | D:3      | Found Ydoac's Assorted Antiques.
  2101 | D:3      | Bought a scroll labelled LAAXTUDWEJ for 26 gold pieces
  2101 | D:3      | Bought a fizzy amethyst potion for 23 gold pieces
  2322 | D:3      | Found a bloodstained altar of Trog.
  2322 | D:3      | Found an iron altar of Okawaru.
  2364 | D:3      | Found Pefamykh's Jewellery Boutique.
  2444 | D:4      | Reached skill level 8 in Axes
  2568 | D:4      | Found a shadowy altar of Dithmenos.
  2579 | D:4      | Found Lantos's Antique Weapon Emporium.
  2612 | D:4      | Noticed Robin
  2650 | D:4      | Killed Robin
  2782 | D:4      | Identified the ring "Barylel" {Wiz rF- rC- Will++ Int+8}
  2890 | D:4      | Noticed Grinder
  3138 | D:4      | Identified the ring "Gimuebig" {Wiz rElec}
  3742 | D:4      | Found a glowing silver altar of Zin.
  3981 | D:4      | Killed Grinder
  3982 | D:4      | Reached skill level 9 in Axes
  3982 | D:4      | Reached XP level 7. HP: 47/58 MP: 5/5
  4019 | D:5      | Entered Level 5 of the Dungeon
  4129 | D:5      | Noticed a wyvern
  4135 | D:5      | Reached skill level 10 in Axes
  4141 | D:5      | Killed a wyvern
  4189 | D:5      | Reached XP level 8. HP: 40/66 MP: 6/6
  4230 | D:5      | Reached skill level 11 in Axes
  4416 | D:3      | Bought a scroll labelled QUPO NAVENYG for 27 gold pieces
  4417 | D:3      | Bought an amethyst potion for 24 gold pieces
  4419 | D:3      | Bought a purple potion for 24 gold pieces
  4648 | D:5      | Found a white marble altar of Elyvilon.
  4826 | D:5      | Found a hazy altar of Hepliaklqana.
  4979 | D:5      | Found a staircase to the Ecumenical Temple.
  4988 | Temple   | Entered the Ecumenical Temple
  5829 | D:6      | Reached skill level 12 in Axes
  6045 | D:6      | Found a radiant altar of Vehumet.
  6232 | D:6      | Reached skill level 1 in Armour
  6455 | D:7      | Noticed a gargoyle
  6622 | D:1      | Bought an iridescent hunting sling for 104 gold pieces
  6622 | D:1      | Identified the +12 hunting sling of Outrage {vorpal, MP+9
                  | Dex+4} (You bought it in a shop on level 1 of the Dungeon)
  6765 | D:7      | Killed a gargoyle
  6766 | D:7      | Gained mutation: You passively map the area around you.
                  | [Deep Dwarf growth]
  6766 | D:7      | Reached XP level 9. HP: 25/73 MP: 5/5
  6790 | D:7      | Found a sand-covered staircase.
  6797 | Ossuary  | Entered an ossuary
  7310 | D:7      | Reached skill level 5 in Slings
  7544 | D:7      | Found a basalt altar of Yredelemnul.
  7545 | D:7      | Found a burning altar of Makhleb.
  7546 | D:7      | Found a broken altar of Ashenzari.
  8767 | D:8      | Found Qisuibb's Neck Hole.
  8807 | D:8      | Reached XP level 10. HP: 55/80 MP: 4/5
  8888 | D:8      | Noticed Erica
  8895 | D:8      | Killed Erica
  8896 | D:8      | Reached skill level 10 in Slings
  9314 | D:8      | Found a blossoming altar of Fedhas.
  9497 | D:8      | Noticed Joseph
  9514 | D:8      | Killed Joseph
  9583 | D:8      | Noticed Maurice
  9596 | D:8      | Killed Maurice
  9673 | D:7      | Became a worshipper of Makhleb the Destroyer
  9720 | D:9      | Found Yhoel's Weapon Shop.
 10005 | D:9      | Found a staircase to the Orcish Mines.
 10034 | D:9      | Reached skill level 1 in Evocations
 10108 | D:9      | Reached * piety under Makhleb
 10158 | D:9      | Noticed a two-headed ogre
 10166 | D:9      | Noticed a centaur warrior
 10169 | D:9      | Killed a two-headed ogre
 10177 | D:9      | Killed a centaur warrior
 10178 | D:9      | Reached XP level 11. HP: 43/86 MP: 3/3
 10523 | D:9      | Found a sparkling altar of Nemelex Xobeh.
 10523 | D:9      | Found a transporter.
 10523 | D:9      | Noticed a deep elf zephyrmancer
 10523 | D:9      | Noticed a centaur warrior
 10591 | D:9      | Noticed a deep elf pyromancer
 10613 | D:9      | Killed a deep elf pyromancer
 10738 | D:9      | Found a staircase to the Lair.
 10782 | D:9      | Noticed an ettin
 10787 | D:9      | Killed an ettin
 10788 | D:9      | Reached skill level 10 in Evocations
 10821 | D:9      | Noticed a deep elf pyromancer
 10825 | D:9      | Killed a deep elf pyromancer
 11141 | D:3      | Bought a triangular sapphire amulet for 135 gold pieces
 11451 | D:3      | Bought a potion of curing for 81 gold pieces
 11567 | D:10     | Entered Level 10 of the Dungeon
 11814 | D:10     | Found Cheibriados's Comfort Zone.
 11818 | D:10     | Found a snail-covered altar of Cheibriados.
 12576 | D:10     | Found a stormy altar of Qazlal.
 12887 | D:11     | Noticed Grum
 12891 | D:11     | Killed Grum
 13289 | D:11     | Reached ** piety under Makhleb
 13290 | D:11     | Reached skill level 5 in Fighting
 13330 | D:11     | Noticed a centaur warrior
 13338 | D:11     | Killed a centaur warrior
 13354 | D:11     | Reached XP level 12. HP: 65/109 MP: 2/2
 13510 | D:11     | Identified the +2 ring mail of the Pits of Slime {rC+ rN+}
 13516 | D:11     | Identified the +2 ring mail "Xohug" {rElec}
 13838 | D:11     | Identified the +5 mace "Hoedyw" {vorpal, Str+7}
 13879 | D:11     | Noticed a five-headed hydra
 13883 | D:11     | Killed a five-headed hydra
 14175 | Lair:1   | Entered Level 1 of the Lair of Beasts
 14307 | D:3      | Bought a scroll of teleportation for 81 gold pieces
 14307 | D:3      | Bought a purple potion for 24 gold pieces
 15013 | Lair:1   | Reached skill level 5 in Armour
 15541 | Lair:2   | Reached *** piety under Makhleb
 15682 | Lair:2   | Noticed a five-headed hydra
 15689 | Lair:2   | Killed a five-headed hydra
 16527 | Lair:2   | Reached skill level 10 in Armour
 16628 | Lair:2   | Reached **** piety under Makhleb
 16646 | Lair:2   | Found a staircase to the Snake Pit.
 16805 | Lair:2   | Noticed a five-headed hydra
 16814 | Lair:2   | Killed a five-headed hydra
 16815 | Lair:2   | Reached XP level 13. HP: 100/117 MP: 3/3
 16867 | Lair:2   | Found a staircase to the Shoals.
 17113 | Lair:2   | Reached skill level 1 in Invocations
 17424 | Lair:3   | Reached skill level 5 in Invocations
 17711 | Lair:3   | Noticed Fannar
 17737 | Lair:3   | Killed Fannar
 19259 | Lair:4   | Reached skill level 10 in Invocations
 19691 | Lair:4   | Identified a scroll of acquirement
 19691 | Lair:4   | Acquired the ring "Aconierch" {rN+ Dex+3 Slay+4 Stlth+}
 20265 | Lair:5   | Found a staircase to the Slime Pits.
 20556 | Lair:5   | Reached skill level 1 in Shields
 20556 | Lair:5   | Gained mutation: You resist negative energy. (rN+) [Deep
                  | Dwarf growth]
 20556 | Lair:5   | Reached XP level 14. HP: 124/126 MP: 14/14
 20838 | Lair:6   | Entered Level 6 of the Lair of Beasts
 20970 | Lair:6   | Found a shadowy altar of Dithmenos.
 21237 | Lair:6   | Reached skill level 13 in Axes
 21299 | Lair:6   | Found a large runed translucent door.
 21535 | Lair:6   | Found a large runed translucent door.
 22112 | Lair:6   | Identified the +9 bardiche "Koalith" {vorpal, *Noise rN+
                  | Will++}
 23130 | Orc:1    | Entered Level 1 of the Orcish Mines
 23270 | Orc:1    | Reached skill level 14 in Axes
 23744 | Orc:1    | Reached ***** piety under Makhleb
 24094 | Orc:1    | Found Xezerara's Assorted Antiques.
 24106 | Orc:1    | Bought a runed broad axe for 182 gold pieces
 24272 | Orc:2    | Entered Level 2 of the Orcish Mines
 25072 | Orc:2    | Found a staircase to the Elven Halls.
 25194 | Orc:2    | Found Vaminirgh's Magic Scroll Emporium.
 25194 | Orc:2    | Found Suwat's Armour Shoppe.
 25195 | Orc:2    | Found Zodd's Weapon Shoppe.
 25200 | Orc:2    | Found Ydeximic's Antique Weapon Emporium.
 25539 | Orc:2    | Bought a scroll of fear for 52 gold pieces
 25539 | Orc:2    | Bought a scroll of holy word for 112 gold pieces
 25539 | Orc:2    | Bought a scroll of teleportation for 45 gold pieces
 25609 | Orc:1    | Bought a wand of iceblast (12) for 104 gold pieces
 25609 | Orc:1    | Bought a scroll of magic mapping for 91 gold pieces
 25609 | Orc:1    | Bought a scroll labelled NERARU ACREL for 26 gold pieces
 25609 | Orc:1    | Bought a phial of floods for 1040 gold pieces
 26019 | D:12     | Reached skill level 15 in Axes
 26103 | D:12     | Reached XP level 15. HP: 135/135 MP: 15/15
 26449 | D:12     | Found a glowing silver altar of Zin.
 26645 | D:13     | Found Vanoc's Book Boutique.
 26890 | D:13     | Reached skill level 16 in Axes
 27156 | D:13     | Found Elabayc's Magic Scroll Shoppe.
 27181 | D:13     | Bought 2 scrolls of blinking for 225 gold pieces
 27181 | D:13     | Bought a scroll of enchant weapon for 112 gold pieces
 27181 | D:13     | Bought a scroll of enchant weapon for 112 gold pieces
 28125 | D:13     | Found Jaiteb's Weapon Shop.
 28253 | D:13     | Found Kazilaij's Magic Scroll Boutique.
 28322 | D:13     | Found a gate to the Vaults.
 28510 | D:14     | Found a sparkling altar of Nemelex Xobeh.
 28555 | D:14     | Reached skill level 10 in Fighting
 28940 | D:14     | Found a runed translucent door.
 28944 | D:14     | Noticed Rupert
 28974 | D:14     | Killed Rupert
 29937 | D:14     | Cast into level 3 of the Abyss (a wizard)
 30028 | Abyss:3  | HP: 7/142 [cyan very ugly thing (18)]
 30155 | Abyss:3  | Noticed a tentacled starspawn
 30166 | Abyss:3  | Killed a tentacled starspawn
 30388 | Abyss:3  | Noticed a bone dragon
 30406 | Abyss:3  | Killed a bone dragon
 30409 | D:14     | Escaped the Abyss
 30417 | D:14     | Reached XP level 16. HP: 71/152 MP: 13/13
 30799 | D:14     | Identified the +3 short sword "Juseetec" {venom, rPois
                  | Dex+4}
 30849 | D:14     | Slain by a white ugly thing

Illustrated notes

Levels and vault maps discovered:
D:1:      sevenhm_arrival_forest_fort_large_2, layout_loops_corners,
          serial_shops, nicolae_shop_overgrown_old_shop, basic_ecumenical_altar,
          kennysheep_minor_cross, kennysheep_pointless_box
D:2:      layout_basic, wad_floor_pattern_untrapped, minmay_goblin_outpost
D:3:      layout_rooms, grunt_temple_overflow_bloody_war, serial_shops, shop,
          nicolae_shop_trees, nicolae_shop_waterfront, shop,
          minmay_misc_feat_plants
D:4:      layout_basic, nicolae_overflow_hidden_temple,
          nicolae_overflow_crystal_walls, serial_shops, shop, uniq_grinder,
          uniq_robin
D:5:      layout_cave_pods, elyvilon_altar_5, nicolae_hepliaklqana_hippocampus,
          minmay_temple_entry_poolview, chequers_serial_rivers_small_3
D:6:      layout_gridville, lemuel_tele_altar
D:7:      layout_layer_cave, chequers_temple_overflow_statue_of_worship,
          enter_ossuary_1
D:8:      layout_basic, fedhas_bush_and_centaur_altar, minivault_22,
          st_stairs_10, nicolae_shop_sticking_my_neck_out, uniq_erica,
          uniq_maurice, uniq_joseph
D:9:      nzn_winding_woodlands_small [nzn_winding_woodlands_5x15_sidewinder,
          nzn_winding_woodlands_center_pierced_h,
          nzn_winding_woodlands_5x15_default], layout_loops_ring,
          grunt_nemelex_the_gamble, minmay_orc_entry_temple_small, serial_shops,
          nicolae_diamond_shop, wad_floor_pattern_1, columned_hall_lemuel,
          st_stairs_4, dk_vineyard_2
D:10:     layout_irregular_city, mainiacjoe_overflow_small_starburst,
          minmay_shop_chei, chequers_serial_rivers_micro_b
D:11:     layout_irregular_city, hangedman_decor_slide_cut,
          corexii_leaking_fountain, minivault_16, minmay_misc_feat_hallway,
          minmay_alternating_orb, uniq_grum
D:12:     layout_irregular_city, zin_academy
D:13:     layout_loops_ring, skrybe_vaults_entry_preservation, serial_shops,
          shop_fountains, nicolae_shop_statue_plus,
          nicolae_shop_competitors_out_of_business, nicolae_diamond_shop
D:14:     minmay_the_grid_triangle_9x9_line_8_mashed
          [minmay_the_grid_triangle_9x9_negative_grid,
          minmay_the_grid_triangle_9x9_zippers_horizontal,
          minmay_the_grid_triangle_9x9_subtriangle,
          minmay_the_grid_triangle_9x9_impossible_snake,
          minmay_the_grid_triangle_9x9_sprig,
          minmay_the_grid_triangle_9x9_pentomino_pain,
          minmay_the_grid_triangle_9x9_dagger,
          minmay_the_grid_triangle_9x9_prize_schism], layout_basic,
          hangedman_abyss_or_decor_passed, nemelex_altar_shiori, uniq_rupert
Temple:   nicolae_temple_figure_zero
Lair:1:   layout_cave_pods, beast_lair_carwin_8, grunt_megastairs_5,
          serial_bayou_shore_a
Lair:2:   layout_hall_layers, elwin_shoals_entry_rocks,
          minmay_snake_entry_guardpost_medium, serial_bayou_pond_b,
          minmay_holes, minmay_stone_trees_small,
          eino_small_chamber_without_monster, serial_bayou_pond_a,
          roderic_carrion_pond
Lair:3:   layout_chaotic_city, lemuel_fruit_tree, uniq_fannar
Lair:4:   beast_lair_carwin_large_2, layout_cave_pods, lemuel_fruit_fields,
          lemuel_fruit_fields
Lair:5:   layout_cave_shapes, nicolae_slime_entry_slimehenge,
          beast_lair_carwin_10
Lair:6:   cheibrodos_lair_end_hotspot, layout_gridlike, basic_altar,
          amcnicky_mini_pool_medium
Orc:1:    minmay_goldmine, layout_caves, serial_shops, nicolae_diamond_shop,
          nooodl_orcs_dogs
Orc:2:    st_orc_mages, layout_caves, basic_altar, lightli_orcish_oven

Skill      XL: |  1  2  3  4  5  6  7  8  9 10 11 12 13 14 15 16 |
---------------+-------------------------------------------------+-----
Axes           | 4 5 6 7 9 10 12 15 16 | 16.0
Armour         | 1 10 12 13 | 13.0
Slings         | 3 9 12 | 12.1
Evocations     | 7 10 11 12 | 12.1
Fighting       | 7 8 9 11 | 11.8
Invocations    | 13 | 13.5
Shields        | 1 4 |  4.0
Throwing       | |  1.7
Dodging        | |  3.2

Action                   |  1- 3 |  4- 6 |  7- 9 | 10-12 | 13-15 | 16-18 || total
-------------------------+-------+-------+-------+-------+-------+-------++-------
Melee: War axe           |   114 |   188 |   166 |    77 |       |       ||   545
       Unarmed           |       |       |     2 |       |       |       ||     2
       Hunting sling     |       |       |       |       |     5 |       ||     5
       Broad axe         |       |       |       |       |    62 |    13 ||    75
 Fire: Hunting sling     |       |       |   106 |   555 |  1343 |    30 ||  2034
Throw: Boomerang         |       |       |    12 |       |       |       ||    12
Invok: Lesser Servant of |       |       |       |       |    31 |     1 ||    32
       Greater Servant o |       |       |       |       |     2 |       ||     2
 Abil: Heal Wounds       |       |     5 |    12 |     9 |    13 |     2 ||    41
Evoke: Wand              |       |       |       |    14 |    16 |     5 ||    35
       Phantom mirror    |       |       |       |     1 |     2 |     1 ||     4
       Phial of floods   |       |       |       |       |     1 |     1 ||     2
  Use: Scroll            |     2 |     6 |     4 |    10 |    16 |     1 ||    39
       Potion            |       |     1 |       |     4 |     4 |       ||     9
 Stab: Paralysed         |       |       |       |       |     3 |       ||     3
Armor: Leather armour    |    56 |       |       |       |       |       ||    56
       Chain mail        |     3 |   133 |   141 |   186 |    99 |       ||   562
       Plate armour      |       |       |       |       |    44 |     8 ||    52
Dodge: Dodged            |    99 |    83 |   116 |    75 |   132 |    12 ||   517
Block: Buckler           |       |       |       |       |    78 |     7 ||    85
